 Dungeon Crawl Stone Soup version 0.22-a0-248-gc8378ba (webtiles) character file.

220 JeffiDaFish the Firebug (level 5, -7/38 HPs)
             Began as a Draconian Fire Elementalist on Feb 28, 2018.
             Was an Initiate of Vehumet.
             Mangled by an orc priest
             ... wielding a +0 broad axe
              (12 damage)
             ... on level 4 of the Dungeon.
             The game lasted 00:11:46 (5011 turns).

JeffiDaFish the Firebug (DrFE)                      Turns: 5011, Time: 00:11:46

Health: -7/38      AC:  5    Str: 10    XL:     5   Next: 64%
Magic:  2/10       EV: 12    Int: 16    God:    Vehumet [......]
Gold:   115        SH:  0    Dex: 12    Spells: 3/11 levels left

rFire    . . .     SeeInvis .   e - +2 long sword
rCold    . . .     Gourm    .   (no shield)
rNeg     . . .     Faith    .   (armour unavailable)
rPois    .         Spirit   .   (helmet restricted)
rElec    .         Reflect  .   (no cloak)
rCorr    .         Harm     .   (no gloves)
MR       .....                  (no boots)
Stlth    ++........             (no amulet)
HPRegen  0.12/turn              (no ring)
MPRegen  0.12/turn              (no ring)

@: very slightly contaminated
A: unfitting armour, cold-blooded, AC +5
a: Renounce Religion


You were on level 4 of the Dungeon.
You worshipped Vehumet.
Vehumet was noncommittal.
You were not hungry.

You visited 1 branch of the dungeon, and saw 4 of its levels.

You collected 115 gold pieces.

Inventory:

Hand Weapons
 e - a +2 long sword (weapon)
Armour
 d - a +0 buckler
Scrolls
 c - a scroll of identify
Comestibles
 a - 7 rations
 b - 3 chunks of flesh


   Skills:
 - Level 2.0 Dodging
 - Level 1.9 Stealth
 * Level 1.0 Shields
 + Level 3.5 Spellcasting
 + Level 2.4 Conjurations
 + Level 4.6 Fire Magic


You had 3 spell levels left.
You knew the following spells:

 Your Spells              Type           Power        Failure   Level  Hunger
a - Flame Tongue          Conj/Fire      ##...        4%          1    None
b - Conjure Flame         Conj/Fire      ##......     13%         3    ###....
c - Sticky Flame          Conj/Fire      ##......     38%         4    ####...


Dungeon Overview and Level Annotations

Branches:
Dungeon (4/15)
 Temple: D:4-7

Altars:
Kikubaaqudgha
Nemelex Xobeh
Vehumet
Wu Jian
Zin

Annotations:
D:3 JeffiDaFish's ghost, weakling DrFE
D:4 Umoon's ghost, amateur OgMo


Innate Abilities, Weirdness & Mutations

Your plain brown scales are hard. (AC +5)
You cannot fit into any form of body armour.
You are cold-blooded and may be slowed by cold attacks.


Message History

You hit the orc priest. You tail-slap the orc priest.
The orc priest is moderately wounded.
Casting: Sticky Flame (quite dangerous; 38% risk of failure)
Confirm with . or Enter, or press ? or * to list all spells.
You don't have enough magic to cast that spell.
Unknown command.
Casting: Sticky Flame (quite dangerous; 38% risk of failure)
Confirm with . or Enter, or press ? or * to list all spells.
Aiming: Flame Tongue (safe; 4% risk of failure)
Press: ? - help, Shift-Dir - straight line, f/p - orc priest
Aim: an orc priest, wielding a broad axe (moderately wounded)
The flame tongue hits the orc priest.
The orc priest is severely wounded.
The orc priest calls down the wrath of Beogh upon you.
Beogh smites you!
* * * LOW HITPOINT WARNING * * *
You barely miss the orc priest.
The orc priest is severely wounded.
The orc priest hits you with a broad axe!
You die...

#.# ########. #.#
#........#
##.######.######.#
###...##............
..<..>......######.#
###...##.#### #.#
.........## #.##
..........########O[##.##.a
..........#.....@ooa.......
###...##..#.#######.##.#)#.
#..............##.#
#...###.######.##.# #####
#.# #.# #.# #.# #.# #.# ..#
#.# #.#


You could see an ogre, a worker ant, an orc priest and an orc wizard.

Vanquished Creatures
  An orc wizard (D:3)
  An iguana (D:4)
  4 adders (D:3)
  2 oozes
  3 dart slugs
  5 leopard geckos
  11 orcs
  A ball python (D:3)
  9 bats
  7 giant cockroaches
  4 goblins
  12 hobgoblins
  7 jackals (D:1)
  11 kobolds
  2 quokkas
  6 frilled lizards
  11 rats
97 creatures vanquished.

Notes
Turn   | Place    | Note
-------+----------+-------------------------------------------
     0 | D:1      | JeffiDaFish the Draconian Fire Elementalist began the quest for the Orb.
     0 | D:1      | Reached XP level 1. HP: 14/14 MP: 3/3
   383 | D:1      | Reached XP level 2. HP: 20/20 MP: 1/5
  1148 | D:1      | Reached XP level 3. HP: 23/26 MP: 6/6
  1156 | D:1      | Learned a level 3 spell: Conjure Flame
  2294 | D:2      | Found a glowing silver altar of Zin.
  2417 | D:2      | Reached XP level 4. HP: 27/33 MP: 8/8
  2512 | D:2      | Found a sparkling altar of Nemelex Xobeh.
  2647 | D:2      | Found a sparkling altar of Nemelex Xobeh.
  2710 | D:2      | Reached skill level 4 in Fire Magic
  2833 | D:2      | Found an ornate altar of the Wu Jian Council.
  2921 | D:3      | Learned a level 4 spell: Sticky Flame
  3174 | D:3      | Noticed JeffiDaFish's ghost (weakling DrFE)
  3324 | D:3      | Reached XP level 5. HP: 36/38 MP: 4/9
  3839 | D:3      | Found an ancient bone altar of Kikubaaqudgha.
  3840 | D:3      | Found a radiant altar of Vehumet.
  3958 | D:3      | Became a worshipper of Vehumet
  4845 | D:4      | Noticed Umoon's ghost (amateur OgMo)
  4968 | D:4      | Reached skill level 1 in Shields
  4999 | D:4      | Noticed an ogre
  5011 | D:4      | Mangled by an orc priest

Vault maps used:
D:1:      minmay_arrival_stair_chambers, minmay_pentomino_t4
D:2:      lemuel_round_altar, lemuel_coloured_pillars_altar,
          nicolae_overflow_crystal_walls, nemelex_diamond_rough_becter
D:3:      gammafunk_temple_overflow_pools
D:4:      first_ration

Skill      XL: |  1  2  3  4  5 |
---------------+----------------+-----
Dodging        | 2 |  2.0
Fire Magic     | 4 |  4.6
Spellcasting   | 3 |  3.5
Conjurations   | 2 |  2.4
Shields        | 1 |  1.0
Stealth        | |  1.9

Action                   |  1- 3 |  4- 6 || total
-------------------------+-------+-------++-------
Melee: Unarmed           |    26 |       ||    26
       Short sword       |   112 |    27 ||   139
       Tailslap          |     8 |    12 ||    20
       Long sword        |       |    90 ||    90
 Cast: Flame Tongue      |    44 |    39 ||    83
       Sticky Flame      |       |     2 ||     2
  Use: Scroll            |     4 |     5 ||     9
       Potion            |     4 |     2 ||     6
 Stab: Sleeping          |     9 |     4 ||    13
  Eat: Chunk             |     5 |     9 ||    14
Armor: Skin              |    65 |    29 ||    94
Dodge: Dodged            |   113 |   105 ||   218
       Rpst.: Long sword |       |    27 ||    27

Table legend:
 A = Spawn XP
 B = Non-spawn XP
 C = Spawn XP percentage of total XP
 D = Spawn monster count
 E = Non-spawn monster count
 F = Spawn count percentage of total count
 G = Total turns spent on level
                    A         B        C        D         E        F      G
               +---------+---------+-------+---------+---------+-------+---------
         Total |       0 |     315 |   0.0 |       0 |      97 |   0.0 |  5011
               +---------+---------+-------+---------+---------+-------+---------
           D:1 |       0 |      65 |   0.0 |       0 |      38 |   0.0 |  1832
           D:2 |       0 |      44 |   0.0 |       0 |      22 |   0.0 |  1337
           D:3 |       0 |     145 |   0.0 |       0 |      27 |   0.0 |  1457
           D:4 |       0 |      61 |   0.0 |       0 |      10 |   0.0 |   385
               +---------+---------+-------+---------+---------+-------+---------
